 Dungeon Crawl Stone Soup version 0.21-a0-265-gb353147 (webtiles) character file.

79 tankyou the Shield-Bearer (level 4, -6/37 HPs)
             Began as a Formicid Fighter on Sept 10, 2017.
             Mangled by a gnoll
             ... wielding a +0 halberd
              (16 damage)
             ... on level 2 of the Dungeon.
             The game lasted 00:01:20 (815 turns).

tankyou the Shield-Bearer (Formicid Fighter)         Turns: 815, Time: 00:01:20

Health: -6/37      AC:  6    Str: 27    XL:     4   Next: 64%
Magic:  4/4        EV:  8    Int:  7    God:
Gold:   21         SH: 10    Dex: 10    Spells: 3/3 levels left

rFire    . . .     SeeInvis +   a - +0 long sword
rCold    . . .     Gourm    .   c - +0 shield
rNeg     . . .     Faith    .   b - +0 scale mail
rPois    .         Spirit   .   (helmet unavailable)
rElec    .         Reflect  .   (no cloak)
rCorr    .         Harm     .   (no gloves)
MR       .....                  (no boots)
Stlth    ..........             (no amulet)
HPRegen  0.12/turn              (no ring)
MPRegen  0.09/turn              (no ring)

@: mighty
A: permanent stasis, dig shafts and tunnels, four strong arms, antennae 3
a: Dig, Shaft Self


You were on level 2 of the Dungeon.
You were not hungry.

You visited 1 branch of the dungeon, and saw 2 of its levels.

You collected 21 gold pieces.

Inventory:

Hand Weapons
 a - a +0 long sword (weapon)
Armour
 b - a +0 scale mail (worn)
 c - a +0 shield (worn)
Scrolls
 e - a scroll of enchant weapon {unknown}
 j - a scroll of recharging {unknown}
Potions
 i - a potion of invisibility {unknown}
Comestibles
 f - a bread ration
 g - a chunk of flesh


   Skills:
 + Level 3.8 Fighting
 * Level 3.5 Long Blades
 + Level 3.5 Armour
 + Level 4.0 Shields


You had 3 spell levels left.
You didn't know any spells.

Dungeon Overview and Level Annotations

Branches:
Dungeon (2/15)

Altars:


Innate Abilities, Weirdness & Mutations

You cannot be hasted, slowed, berserked, paralysed or teleported.
You can dig through walls and to a lower floor.
Your four strong arms can wield two-handed weapons with a shield.
You have a pair of large antennae on your head. (SInv)


Message History

You slice the gnoll!!
You kill the gnoll!
Your Shields skill increases to level 4!
The dart slug launches a dart at you. The slug dart hits you!
Unknown command.
The gnoll barely misses you. You block the dart slug's attack.
Items here: )) †††† Unknown command.
You hit the dart slug.
The dart slug is heavily wounded.
The gnoll barely misses you. You block the dart slug's attack.
Unknown command.
You slash the dart slug!
You kill the dart slug!
The gnoll hits you from afar with a halberd!
* * * LOW HITPOINT WARNING * * *
Unknown command.
The gnoll hits you with a halberd!
You die...

#...# #...# .........#
#...# ........ #...#
.......
#######...####.....#
..........#<.......#+#+
..........'............
..........#####g.......
#######...# #@###
#########'## #)#
........#.# #.#
........#.# #.#
........#'######.#
..............##.#
..[...........'..#
..............####
######........#


You could see a gnoll.

Vanquished Creatures
  3 gnolls (D:2)
  An adder (D:2)
  3 dart slugs
  2 leopard geckos (D:2)
  4 bats (D:1)
  A giant cockroach (D:1)
  3 goblins (D:1)
  5 hobgoblins
  2 jackals (D:2)
  A kobold (D:2)
  2 ball pythons (D:1)
  A frilled lizard (D:1)
  6 rats
34 creatures vanquished.

Notes
Turn   | Place    | Note
-------+----------+-------------------------------------------
     0 | D:1      | tankyou the Formicid Fighter began the quest for the Orb.
     0 | D:1      | Reached XP level 1. HP: 18/18 MP: 1/1
   118 | D:1      | Reached XP level 2. HP: 24/24 MP: 2/2
   510 | D:1      | Reached XP level 3. HP: 29/29 MP: 3/3
   799 | D:2      | Reached XP level 4. HP: 33/36 MP: 4/4
   811 | D:2      | Reached skill level 4 in Shields
   815 | D:2      | Mangled by a gnoll

Vault maps used:
D:1:      grunt_arrival_lava_bath, minmay_misc_feat_plants, nrook_mini_vaults,
          feat_on_display

Skill      XL: |  1  2  3  4 |
---------------+-------------+-----
Long Blades    | 3 |  3.5
Shields        | 4 |  4.0
Fighting       | |  3.8
Armour         | |  3.5

Action                   |  1- 3 |  4- 6 || total
-------------------------+-------+-------++-------
Melee: Long sword        |    69 |    12 ||    81
  Use: Potion            |     1 |     1 ||     2
Armor: Scale mail        |    24 |     1 ||    25
Dodge: Dodged            |    23 |     6 ||    29
Block: Shield            |    36 |     9 ||    45
       Rpst.: Long sword |     6 |     1 ||     7

Table legend:
 A = Spawn XP
 B = Non-spawn XP
 C = Spawn XP percentage of total XP
 D = Spawn monster count
 E = Non-spawn monster count
 F = Spawn count percentage of total count
 G = Total turns spent on level
                    A         B        C        D         E        F      G
               +---------+---------+-------+---------+---------+-------+---------
         Total |       0 |     114 |   0.0 |       0 |      34 |   0.0 |   815
               +---------+---------+-------+---------+---------+-------+---------
           D:1 |       0 |      37 |   0.0 |       0 |      21 |   0.0 |   726
           D:2 |       0 |      77 |   0.0 |       0 |      13 |   0.0 |    89
               +---------+---------+-------+---------+---------+-------+---------
